 Dungeon Crawl Stone Soup version 0.31-a0-1278-g11c5b68f87 (webtiles) character file.

Game seed: 15443362648483770781

205 smokingjp the Sneak (level 5, -3/37 HPs)
             Began as a Vampire Enchanter on Dec 17, 2023.
             Slain by a river rat (9 damage)
             ... in a sewer.
             The game lasted 00:13:13 (2369 turns).

smokingjp the Sneak (Vampire Enchanter)             Turns: 2369, Time: 00:13:14

Health: -3/37      AC:  3    Str:  7    XL:     5   Next: 53%
Magic:  9/9        EV: 13    Int: 20    God:
Gold:   109        SH:  0    Dex: 20    Spells: 3/9 levels left

rFire   . . .        k - +2 dagger (flame)
rCold   . . .        (no shield)
rNeg    + . .        b - +0 robe
rPois   .            (no helmet)
rElec   .            (no cloak)
rCorr   .            (no gloves)
SInv    +            q - +0 pair of boots
Will    .....        (no amulet)
Stlth   ++++         d - ring of positive energy
HPRegen 0.46/turn    e - +6 ring of dexterity
MPRegen 0.11/turn

%: no passive effects
@: healing quickly
A: alive, fangs 3, see invisible, vampiric 2
a: Exsanguinate


You were in a sewer.
You visited 1 branch of the dungeon, and saw 3 of its levels.
You also visited: Sewer.

You collected 109 gold pieces.

Inventory:

Hand Weapons
 a - a +1 dagger
 i - a +0 sling of flaming
 k - a +2 dagger of flaming (weapon)
Armour
 b - a +0 robe (worn)
 g - a +0 buckler
 q - a +0 pair of boots (worn)
 t - +0 fire dragon scales
Jewellery
 d - a ring of positive energy (left hand)
 e - a +6 ring of dexterity (right hand)
 f - a ring of ice
 o - a ring of protection from fire
Wands
 v - a wand of flame (12)
Scrolls
 l - 3 scrolls of vulnerability {unknown}
 m - a scroll of brand weapon {unknown}
 p - 2 scrolls of identify {unknown}
 s - 3 scrolls of immolation {unknown}
Potions
 c - a potion of invisibility
 j - a potion of lignification {unknown}
 n - a potion of brilliance {unknown}
 r - a potion of enlightenment {unknown}
 u - a potion of mutation {unknown}


   Skills:
 + Level 1.0 Fighting
 + Level 2.6 Short Blades
 + Level 3.0 Dodging
 + Level 6.8 Stealth
 + Level 0.1 Shields
 + Level 2.6 Spellcasting
 + Level 5.2 Hexes


You had 3 spell levels left.
You knew the following spells:

 Your Spells              Type           Power      Damage    Failure   Level
a - Tukima's Dance        Hex            23%        N/A       5%          3
b - Confusing Touch       Hex            23%        N/A       5%          3

Your spell library contained the following spells:

 Spells                   Type           Power      Damage    Failure   Level
 Ensorcelled Hibernation  Hex/Ice        26%        N/A       8%          2
 Dazzling Flash           Conj/Hex       26%        N/A       16%         3
 Hailstorm                Conj/Ice       2%         3d5       41%         3
 Animate Dead             Necr           2%         N/A       83%         4
 Summon Ice Beast         Ice/Summ       2%         N/A       83%         4
 Simulacrum               Ice/Necr       1%         N/A       100%        6
 Haunt                    Necr/Summ      1%         N/A       100%        7
 Infestation              Necr           1%         N/A       100%        8


Dungeon Overview and Level Annotations

Branches:
Dungeon (3/15)              Sewer (1/1)

Altars:
Kikubaaqudgha

Annotations:
D:2 Sigmund


Innate Abilities, Weirdness & Mutations

Your natural rate of healing is accelerated.
You have razor-sharp teeth.
You have supernaturally acute eyesight. (SInv)
You are afflicted with vampirism and can become a bat while bloodless.


Message History

You hit the river rat but do no damage.
The river rat is heavily wounded.
The kobold brigand closely misses you.
A river rat comes into view.
The river rat bites you but does no damage.
You barely miss the river rat.
The river rat squeaks loudly.
You bite the river rat, but do no damage.
The river rat is heavily wounded.
You hear a loud squeak.
You hear an angry hiss.
The kobold brigand misses you.
You barely miss the river rat.
The river rat is heavily wounded.
The river rat closely misses you.
The kobold brigand hits you with a +0 club.
You barely miss the river rat.
The river rat is heavily wounded.
The river rat barely misses you.
The river rat twitches its whiskers.
The kobold brigand barely misses you.
You hit the river rat. You burn the river rat.
The river rat is severely wounded.
The river rat twitches its whiskers.
The river rat bites you.
The kobold brigand hits you but does no damage.
You hit the river rat but do no damage.
You bite the river rat, but do no damage.
The river rat is severely wounded.
The river rat bites you! The kobold brigand barely misses you.
You hit the river rat but do no damage.
The river rat is severely wounded.
The river rat bites you but does no damage.
You barely miss the river rat.
The river rat is severely wounded.
The kobold brigand hits you with a +0 club!
* * * LOW HITPOINT WARNING * * *
You hit the river rat. You burn the river rat.
The river rat is almost dead.
The river rat bites you!
You die...

##### ### #∩..## #####
##...## ###@r#####..∩# ####
#......#####K.##...######...
......r..##.r.....#####.....
......r...r........##...†...
............r...............
.~~......................~~.
~≈....~.........~~.~.~~..~~~
≈~≈≈~.~~.......~~~≈≈~~~~≈~~≈
≈≈≈≈≈≈~~~~.~~.~≈~≈≈≈≈≈≈≈≈≈≈≈


You could see a kobold brigand, 2 river rats and a rat.

Vanquished Creatures
  Natasha (thrice) (D:3)
  Robin (D:2)
  2 river rats
  An adder (D:2)
  2 worms
  A dart slug (D:1)
  4 ball pythons
  10 endoplasms
  4 giant cockroaches
  15 goblins
  6 hobgoblins
  5 quokkas
  8 bats
  6 kobolds
  11 rats
79 creatures vanquished.

Vanquished Creatures (collateral kills)
  A goblin (D:2)
1 creature vanquished.

Vanquished Creatures (others)
  3 dancing weapons (D:2)
3 creatures vanquished.

Grand Total: 83 creatures vanquished

Notes
Turn   | Place    | Note
-------+----------+-------------------------------------------
     0 | D:1      | smokingjp the Vampire Enchanter began the quest for the
                  | Orb.
     0 | D:1      | Reached XP level 1. HP: 13/13 MP: 3/3
   352 | D:1      | Reached XP level 2. HP: 19/19 MP: 5/5
   584 | D:1      | Reached skill level 5 in Stealth
   889 | D:2      | Gained mutation: You are afflicted with vampirism and can
                  | become a bat while bloodless. [Vampire growth]
   889 | D:2      | Reached XP level 3. HP: 24/24 MP: 6/6
  1021 | D:2      | Learned a level 3 spell: Tukima's Dance
  1023 | D:2      | Noticed Robin
  1318 | D:2      | Found a faded altar of an unknown god.
  1425 | D:2      | Killed Robin
  1426 | D:2      | Reached skill level 6 in Stealth
  1426 | D:2      | Reached XP level 4. HP: 27/30 MP: 3/7
  1552 | D:2      | Noticed Sigmund
  1862 | D:3      | Found an ancient bone altar of Kikubaaqudgha.
  1872 | D:3      | Identified the +3 whip of Valiance {freeze, rPois rCorr}
  1897 | D:3      | Learned a level 3 spell: Confusing Touch
  1924 | D:3      | Noticed Natasha
  1933 | D:3      | Killed Natasha
  1943 | D:3      | Noticed Natasha
  1950 | D:3      | Killed Natasha
  1951 | D:3      | Reached skill level 5 in Hexes
  1951 | D:3      | Reached XP level 5. HP: 36/36 MP: 4/8
  2053 | D:3      | Noticed Natasha
  2067 | D:3      | Killed Natasha
  2167 | D:3      | Reached skill level 1 in Fighting
  2191 | D:3      | Found a glowing drain.
  2195 | Sewer    | Entered a sewer
  2258 | Sewer    | HP: 1/37 [kobold brigand/+0 club (3)]
  2369 | Sewer    | Slain by a river rat

Illustrated notes

Levels and vault maps discovered:
D:1:      ldierk_walled_garden_2, layout_loops_ring, nicolae_the_louvre
D:2:      layout_rooms, basic_ecumenical_altar, nicolae_kite_square_tiling_tiny,
          minmay_quantized, uniq_robin, uniq_sigmund
D:3:      layout_loops_ring, mainiacjoe_overflow_boulevard,
          gup_sewer_entry_spiral, grunt_decor_junction, uniq_natasha
Sewer:    sewer_minmay_treatment

Skill      XL: |  1  2  3  4  5 |
---------------+----------------+-----
Stealth        | 5 6 |  6.8
Short Blades   | 2 |  2.6
Hexes          | 5 |  5.2
Dodging        | 3 |  3.0
Fighting       | 1 |  1.0
Shields        | |  0.1
Spellcasting   | |  2.6

Action                     |  1- 3 |  4- 6 || total
---------------------------+-------+-------++-------
  Melee: Dagger            |   114 |   112 ||   226
         Bite              |     8 |    11 ||    19
         Punch             |     1 |     1 ||     2
   Cast: Tukima's Dance    |     4 |     2 ||     6
         Confusing Touch   |       |     2 ||     2
    Use: Potion            |       |     2 ||     2
   Stab: Sleeping          |    11 |     8 ||    19
         Confused          |       |     1 ||     1
 Armour: Robe              |    32 |    52 ||    84
  Dodge: Dodged            |    59 |    54 ||   113
  Block: Buckler           |    12 |       ||    12

Table legend: (Time is in decaauts)
 A = Elapsed time spent in this place.
 B = Non-inter-level travel time spent in this place.
 C = Inter-level travel time spent in this place.
 D = Time resting spent in this place.
 E = Time spent auto-exploring this place.
 F = Levels seen in this place.
 G = Mean time per level.
                   A        B        C        D        E       F      G
               +--------+--------+--------+--------+--------+-----+--------+
         Total |   2375 |   2279 |     96 |    237 |   1094 |   4 |  593.8 |
       Dungeon |   2207 |   2111 |     96 |    193 |   1061 |   3 |  735.7 |
         Sewer |    168 |    168 |      0 |     44 |     33 |   1 |  168.0 |
               +--------+--------+--------+--------+--------+-----+--------+

Top non-repeatable levels by time:
     D:1: 938 daAuts
     D:2: 772 daAuts
     D:3: 495 daAuts
   Sewer: 168 daAuts
